 Dungeon Crawl Stone Soup version 0.27.0-1-g7a089689b8 (webtiles) character file.

Game seed: 2660620344720612416

337 MajorAdolf the Sneak (level 6, -1/57 HPs)
             Began as a Naga Wanderer on Aug 17, 2021.
             Slain by an orc (4 damage)
             ... on level 3 of the Dungeon.
             The game lasted 00:05:15 (3528 turns).

MajorAdolf the Sneak (Naga Wanderer)                Turns: 3528, Time: 00:05:16

Health: -1/57      AC:  8    Str: 17    XL:     6   Next: 54%
Magic:  16/16      EV:  9    Int: 13    God:
Gold:   92         SH:  0    Dex:  9    Spells: 7/7 levels left

rFire    . . .     SeeInvis +   l - +2 dagger (elec)
rCold    . . .     Faith    .   (no shield)
rNeg     . . .     Spirit   .   d - +3 leather armour
rPois    +         Reflect  .   a - +1 helmet {SInv}
rElec    .         Harm     .   (no cloak)
rCorr    .         Rampage  .   (no gloves)
Will     .....                  (no barding)
Stlth    +++.......             (no amulet)
HPRegen  0.19/turn              j - ring of magical power
MPRegen  0.15/turn              (no ring)

@: very slow
A: AC +2, large, see invisible, deformed body, poison resistance, slowness 2,
spit poison 1, naga tail 1
a: Spit Poison


You were on level 3 of the Dungeon.
You visited 1 branch of the dungeon, and saw 4 of its levels.

You collected 92 gold pieces.

Inventory:

Hand Weapons
 i - a +0 dagger of draining
 l - a +2 dagger of electrocution (weapon)
Armour
 a - a +1 helmet of see invisible (worn)
 d - a +3 leather armour (worn)
Jewellery
 j - a ring of magical power (left hand)
Scrolls
 h - 2 scrolls of immolation
 m - a scroll of identify


   Skills:
 + Level 4.2 Fighting
 + Level 2.7 Short Blades
 - Level 1.0 Staves
 + Level 1.8 Dodging
 + Level 6.5 Stealth
 - Level 1.0 Spellcasting
 - Level 2.6 Poison Magic
 - Level 1.0 Evocations


You had 7 spell levels left.
You didn't know any spells.
Your spell library contained the following spells:

 Spells                   Type           Power      Damage    Failure   Level
 Pain                     Necr           0%         1d4       34%         1
 Agony                    Necr           0%         N/A       100%        5
 Excruciating Wounds      Necr           0%         N/A       100%        5


Dungeon Overview and Level Annotations

Branches:
Dungeon (4/15)
 Temple: D:4-7

Altars:

Shops:
D:1 (

Annotations:
D:4 Natasha


Innate Abilities, Weirdness & Mutations

Your serpentine skin is tough. (AC +2)
You have supernaturally acute eyesight. (SInv)
Armour fits poorly on your strangely shaped body.
Your system is resistant to poisons. (rPois)
You cover ground very slowly.
You can spit poison.
You have a snake-like lower body.


Message History

Unknown command.
The adder closely misses you. The orc hits you but does no damage. x2
The adder bites you.
* * * LOW HITPOINT WARNING * * *
The orc hits you with a +0 mace.
* * * LOW HITPOINT WARNING * * *
The orc hits you but does no damage. x2
Things that are here:
a +0 short sword; a +0 leather armour Unknown command.
The adder bites you but does no damage. The adder misses you.
The adder bites you but does no damage. The adder barely misses you.
The orc hits you but does no damage. The adder closely misses you.
You aren't carrying any potions.
Unknown command.
You aren't carrying any items that you can evoke.
Really read the scroll of immolation?
Okay, then.
Unknown command.
Unknown command.
Unknown command.
Press: ? - help, Shift-Dir - straight line, f - adder
Aim: an adder The splash of poison hits the adder.
The adder is poisoned.
The adder is moderately wounded.
The adder bites you.
* * * LOW HITPOINT WARNING * * *
Unknown command.
You hit the adder but do no damage.
The adder is moderately wounded.
The adder barely misses you.
You hit the adder. Lightning courses through the adder!
You kill the adder!
Unknown command.
You barely miss the orc.
You have got your breath back.
The orc hits you but does no damage.
You closely miss the orc. The orc hits you with a +0 mace.
You die...

############# #...........#
#.#########.# #.# #.#
#######
###.#########.#######.....#
................@oo.#.....#
###.#########.####o.......#
#....########.####..).....#
...................)>######
#.#...#######+####..##
......# #.....#..# ......#
#........#
#####.######...).##.#
#......##.....##.#


You could see 3 orcs.

Vanquished Creatures
  Menkaure (D:4)
  A hound (D:2)
  An orc priest (D:3)
  Robin (D:3)
  7 adders
  A worm (D:3)
  3 dart slugs
  An orc (D:3)
  6 ball pythons
  6 endoplasms
  2 giant cockroaches (D:2)
  6 goblins
  7 hobgoblins
  4 quokkas
  4 bats
  7 frilled lizards
  15 kobolds
  4 rats
77 creatures vanquished.

Vanquished Creatures (others)
  11 plants (D:1)
11 creatures vanquished.

Grand Total: 88 creatures vanquished

Notes
Turn   | Place    | Note
-------+----------+-------------------------------------------
     0 | D:1      | MajorAdolf the Naga Wanderer began the quest for the Orb.
     0 | D:1      | MajorAdolf set off with the following items: a +0 club, a
                  | potion of curing, a potion of lignification, a +2 leather
                  | armour, a +0 dagger
     0 | D:1      | Reached XP level 1. HP: 19/19 MP: 2/2
   832 | D:1      | Reached XP level 2. HP: 27/27 MP: 3/3
   857 | D:1      | Found Hairch's Antique Weapon Boutique.
   902 | D:1      | Reached skill level 4 in Stealth
  1000 | D:1      | Reached XP level 3. HP: 17/33 MP: 4/4
  1677 | D:2      | Reached XP level 4. HP: 21/42 MP: 5/5
  2019 | D:2      | Reached skill level 1 in Short Blades
  2091 | D:2      | Reached skill level 5 in Stealth
  2333 | D:2      | Reached XP level 5. HP: 48/49 MP: 6/6
  3288 | D:4      | Noticed Menkaure
  3293 | D:4      | Killed Menkaure
  3294 | D:4      | Reached skill level 6 in Stealth
  3294 | D:4      | Reached XP level 6. HP: 57/57 MP: 7/7
  3393 | D:4      | Noticed Robin
  3454 | D:3      | Killed Robin
  3504 | D:4      | Noticed Natasha
  3515 | D:3      | HP: 2/57 [orc (4)]
  3528 | D:3      | Slain by an orc

Illustrated notes

Levels and vault maps discovered:
D:1:      dpeg_cavernosity, layout_rooms, serial_shops, shop,
          lexackson_kobold_supper
D:2:      layout_loops_ring, minmay_domino_2
D:3:      layout_basic, serial_glass, glass_columns_b, glass_columns_c
D:4:      layout_rooms, mainiacjoe_overflow_small_starburst, serial_shops, shop,
          uniq_eustachio, uniq_menkaure, uniq_robin, uniq_natasha

Skill      XL: |  1  2  3  4  5 |
---------------+----------------+-----
Stealth        | 4 5 6 |  6.5
Fighting       | 3 4 |  4.2
Short Blades   | 1 2 |  2.7
Staves         | |  1.0
Dodging        | |  1.8
Spellcasting   | |  1.0
Poison Magic   | |  2.6
Evocations     | |  1.0

Action                   |  1- 3 |  4- 6 || total
-------------------------+-------+-------++-------
Melee: Club              |    39 |       ||    39
       Dagger            |    72 |   153 ||   225
 Abil: Spit Poison       |    15 |     4 ||    19
  Use: Potion            |       |     2 ||     2
       Scroll            |       |     7 ||     7
 Stab: Sleeping          |       |     2 ||     2
Armor: Leather armour    |    54 |    75 ||   129
       Skin              |       |     5 ||     5
Dodge: Dodged            |    51 |    85 ||   136
